 Dungeon Crawl Stone Soup version 0.30.1-11-g7821555f0a (webtiles) character file.

Game seed: 69416152156259424

564571 zazaan the Slayer (level 27, -5/286 HPs)
             Began as a Djinni Conjurer on Jan 1, 2024.
             Was the Champion of Nemelex Xobeh.
             Slain by a green draconian
             ... wielding a +0 trident
              (13 damage)
             ... on level 1 of the Realm of Zot on Jan 2, 2024.
             The game lasted 08:43:35 (59681 turns).

zazaan the Slayer (Djinni Conjurer)                Turns: 59681, Time: 08:43:36

Health: -5/286     AC: 40    Str: 18    XL:     27
Gold:   3427       EV: 15    Int: 36    God:    Nemelex Xobeh [******] SH:  0 Dex: 14

rFire   + + +        i - staff of poison "Gihudu" {rPois rF+ Str+3 Int+5}
rCold   x . .        Q - +3 tower shield {reflect}
rNeg    + + +        l - melded +5 ice dragon scales
rPois   ∞            k - +2 helmet
rElec   +            O - +2 cloak of the Thief {*Fog Slay-2 SInv Stlth+}
rCorr   +            c - melded +1 pair of gloves of Follow the Leader {Will+}
SInv    +            (boots unavailable)
Will    +++..        h - amulet "Ommyrphach" {Regen+ Str+9 Dex-3}
Stlth   +++          Y - ring "Sugigg" {rN+ Will+ Int+2}
HPRegen 1.47/turn    w - ring "Reseuptul" {rElec rN+ rCorr Slay+3}
MPRegen 0.00/turn

%: reflection, infuse magic (-6 HP)
@: confused, brilliant, statue-form, ambrosia-drunk, flying, constricted,
studying 2 skills, very slow
A: slow and powerful, torment resistance 1, flying, boosted hp, sickness
immunity, fire resistance 2, cold vulnerability 1, float, innate caster, HP
casting, extra vitality 1
}: 3/15 runes: decaying, silver, gossamer
a: End Transformation, Renounce Religion, Draw Escape, Draw Destruction, Draw
Summoning, Draw Stack, Triple Draw, Deal Four, Stack Five


You were on level 1 of the Realm of Zot.
You worshipped Nemelex Xobeh.
Nemelex Xobeh was exalted by your worship.
You were a living statue of rough stone.
You visited 11 branches of the dungeon, and saw 47 of its levels.
You visited 1 bazaar.
You also visited: Sewer and Bailey.

You collected 8852 gold pieces.
You spent 5425 gold pieces at shops.

Inventory:

Hand Weapons
 n - a +9 eudemon blade of holy wrath
 I - the +16 obsidian axe {drain, demonic, Mesm Drain Fly SInv}
   (You found it on level 3 of the Crypt)

   Mesm:      Its wielder is mesmerised by any visible foes, and it cannot be
   unequipped while any foes are visible.
   SInv:      It lets you see invisible.
   Fly:       It grants you flight.
   Drain:     It drains your maximum health when unequipped.
Armour
 b - quicksilver dragon scales
 c - the +1 pair of gloves of Follow the Leader (melded) {Will+}
   (You bought it in a shop on level 2 of the Orcish Mines)

   Will:      It increases your willpower.
 k - a +2 helmet (worn)
 l - +5 ice dragon scales (melded)
 t - +0 gold dragon scales
 J - the +2 cloak of the Gate {rElec rCorr}
   (You found it on level 3 of the Vaults)

   rElec:     It insulates you from electricity.
   rCorr:     It protects you from acid and corrosion.
 O - the +2 cloak of the Thief (worn) {*Fog Slay-2 SInv Stlth+}
   (You found it on level 3 of the Lair of Beasts)

   *Fog:      It may release a thick cloud of smoke when the wearer is hurt.
   Slay:      It affects your accuracy & damage with ranged weapons and melee
   (-2).
   SInv:      It lets you see invisible.
   Stlth:     It makes you more stealthy.
 Q - a +3 tower shield of reflection (worn)
Magical Staves
 i - the staff of poison "Gihudu" (weapon) {rPois rF+ Str+3 Int+5}
   (You found it on level 2 of the Depths)

   [staff of poison]

   Your inability to study Poison Magic prevents you from drawing on the full
   power of this staff in melee.
   Base accuracy: +5 Base damage: 5 Base attack delay: 1.2 This weapon's minimum
   attack delay (0.6) is reached at skill level 12.
   Str:       It affects your strength (+3).
   Int:       It affects your intelligence (+5).
   rF:        It protects you from fire.
   rPois:     It protects you from poison.
   It falls into the 'Staves' category.
   It is a one-handed weapon.
 o - the staff of conjuration "Vuzowaism" {rElec rF+ rC+}
   (You acquired it on level 4 of the Lair of Beasts)

   [staff of conjuration]

   Your inability to study Conjurations prevents you from drawing on the full
   power of this staff in melee.
   Base accuracy: +5 Base damage: 5 Base attack delay: 1.2 This weapon's minimum
   attack delay (0.6) is reached at skill level 12.
   rF:        It protects you from fire.
   rC:        It protects you from cold.
   rElec:     It insulates you from electricity.
   It falls into the 'Staves' category.
   It is a one-handed weapon.
Jewellery
 h - the amulet "Ommyrphach" (around neck) {Regen+ Str+9 Dex-3}
   (You bought it in a shop on level 6 of the Dungeon)

   [amulet of regeneration]

   Str:       It affects your strength (+9).
   Dex:       It affects your dexterity (-3).
   Regen:     It increases your rate of health regeneration.
 s - a +4 ring of protection
 w - the ring "Reseuptul" (right fist) {rElec rN+ rCorr Slay+3}
   (You bought it in a shop on level 1 of the Depths)

   [ring of resist corrosion]

   Slay:      It affects your accuracy & damage with ranged weapons and melee
   (+3).
   rElec:     It insulates you from electricity.
   rN:        It protects you from negative energy.
   rCorr:     It protects you from acid and corrosion.
 y - a ring of wizardry
 G - the ring "Ikarergh" {Fire *Slow rN+++ Int+5 Dex+4}
   (You found it on level 5 of the Lair of Beasts)

   [ring of fire]

   It enhances your fire magic.
   Int:       It affects your intelligence (+5).
   Dex:       It affects your dexterity (+4).
   rF:        It protects you from fire.
   rC:        It makes you vulnerable to cold.
   rN:        It renders you almost immune to negative energy.
   *Slow:     It may slow you when you take damage.
 T - the amulet "Laanibb" {Reflect Fragile Int+3 SH+5}
   (You took it off a vampire knight on level 1 of the Crypt)

   [amulet of reflection]

   It reflects blocked missile attacks.
   Int:       It affects your intelligence (+3).
   Fragile:   It will be destroyed if unequipped.
   SH:        It affects your SH (+5).
 Y - the ring "Sugigg" (left fist) {rN+ Will+ Int+2}
   (You found it on level 3 of the Crypt)

   [ring of positive energy]

   Int:       It affects your intelligence (+2).
   rN:        It protects you from negative energy.
   Will:      It increases your willpower.
Wands
 d - a wand of polymorph (34)
 g - a wand of quicksilver (43)
 v - a wand of flame (73)
 x - a wand of paralysis (70) (quivered)
 D - a wand of digging (21)
 F - a wand of roots (40)
 L - a wand of mindburst (26)
Scrolls
 j - 6 scrolls of noise
 m - 13 scrolls of fear
 p - 3 scrolls of fog
 r - 7 scrolls of teleportation
 B - 3 scrolls of butterflies
 M - 11 scrolls of magic mapping
 S - 9 scrolls of poison
Potions
 a - 5 potions of ambrosia
 e - 4 potions of cancellation
 f - 16 potions of haste
 q - 6 potions of brilliance
 A - 4 potions of invisibility
 C - 6 potions of resistance
 K - 9 potions of curing
Miscellaneous
 u - a box of beasts
 z - a lightning rod (4/4)
 N - a phantom mirror


   Skills:
 + Level 24.7 Fighting
 - Level 13.3 Armour
 - Level 15.6 Dodging
 - Level 7.6 Stealth
 + Level 17.0 Shields
 * Level 21.6 Spellcasting
 - Level 16.0 Invocations


You knew the following spells:

 Your Spells              Type           Power      Damage    Failure   Level
a - Magic Dart            Conj           100%       1d8       0%          1
b - Searing Ray           Conj           100%       2d8       0%          2
c - Dazzling Flash        Conj/Hex       100%       N/A       0%          3
d - Fulminant Prism       Conj/Hex       69%        3d27      0%          4
e - Iskenderun's Mystic   Conj/Tloc      100%       2d19      0%          4
f - Foxfire               Conj/Fire      100%       2x1d9     0%          1
g - Lesser Beckoning      Tloc           100%       N/A       0%          2
h - Ignite Poison         Fire/Tmut/Pois 100%       N/A       0%          3
i - Olgreb's Toxic Radia  Pois           100%       N/A       0%          4
j - Animate Dead          Necr           100%       N/A       0%          4
k - Metabolic Englaciati  Hex/Ice        69%        N/A       0%          5
l - Statue Form           Tmut/Erth      92%        N/A       1%          6
m - Orb of Destruction    Conj           69%        9d16      1%          7
n - Monstrous Menagerie   Summ           69%        N/A       1%          7
o - Enfeeble              Hex            69%        N/A       1%          7
p - Summon Horrible Thin  Summ           69%        N/A       1%          8
q - Fire Storm            Conj/Fire      69%        8d17      24%         9
r - Polar Vortex          Ice            69%        N/A       24%         9
Your spell library was empty.

Dungeon Overview and Level Annotations

Branches:
Dungeon (15/15)            Temple (1/1) D:6            Lair (5/5) D:9
  Swamp (4/4) Lair:3       Spider (4/4) Lair:2        Slime (0/5) Lair:5
    Orc (2/2) D:10            Elf (3/3) Orc:2        Vaults (5/5) D:13
  Crypt (3/3) Vaults:2       Tomb (0/3) Crypt:3      Depths (4/4) D:15
    Zot (1/5) Depths:4      Sewer (visited)          Bailey (visited)

Altars:
Ashenzari
Cheibriados
Dithmenos
Elyvilon
Fedhas
Gozag
Hepliaklqana
Makhleb
Nemelex Xobeh
Okawaru
Qazlal
Ru
Trog
Uskayaw
Wu Jian
Xom
Yredelemnul
Zin
The Shining One
Jiyva

Shops:
D:4 *   D:6 *?(!   D:12 *   Orc:2 ?[[!:   Vaults:3 [   Vaults:4 =(==
Vaults:5 !!   Depths:1 :=:   Depths:3 *=[

Portals:
Hell: Depths:1 Depths:2
Abyss: Depths:1 Depths:2
Pandemonium: Depths:2
Ziggurat: Depths:1

Annotations:
Lair:5 exclusion: obsidian statue
Vaults:1 exclusion: great orb of eyes
Vaults:4 exclusion: peacekeeper
Depths:2 exclusion: orange crystal statue
Depths:4 3 runed translucent doors, Safoazon's ghost, adept DsGl


Innate Abilities, Weirdness & Mutations

You are a living statue of rough stone.
Your actions are slow, but your melee attacks are powerful.
You are resistant to unholy torment.
You are flying.
Your maximum health is greatly increased.
Your equipment is partially melded.
You are immune to sickness and miasma.
You are immune to poison.
Your flesh is very heat resistant. (rF++)
You are vulnerable to cold. (rC-)
You float through the air rather than walking.
You learn spells naturally, not from books.
Your magical power is your life essence.
You have superior vitality. (+4 MHP)


Message History

The white draconian dies!
The tentacled monstrosity tentacle-slaps you!
* * * LOW HITPOINT WARNING * * *
You block the tentacled monstrosity's attack. x2
The tentacled monstrosity grabs you.
The tentacled monstrosity constricts you.
* * * LOW HITPOINT WARNING * * *
The white draconian stormcaller prays to Qazlal.
The tentacled monstrosity tentacle-slaps you but does no damage.
You block the tentacled monstrosity's attack. x2
The tentacled monstrosity constricts you.
* * * LOW HITPOINT WARNING * * *
You feel much better.
You block the white draconian stormcaller's attack.
The green draconian hits you from afar with a +0 trident.
* * * LOW HITPOINT WARNING * * *
The tentacled monstrosity barely misses you.
The tentacled monstrosity closely misses you.
You block the tentacled monstrosity's attack.
The tentacled monstrosity constricts you.
You block the swamp drake's attack.
The white draconian stormcaller breathes frost at you.
The blast of cold hits you!!
You feel a terrible chill!
* * * LOW HITPOINT WARNING * * *
You block the green draconian's attack.
You are confused.
You feel invigorated. The swamp drake breathes poison at you.
The noxious blast engulfs you but does no damage.
You resist.
The tentacled monstrosity tentacle-slaps you but does no damage. x2
The tentacled monstrosity tentacle-slaps you!
* * * LOW HITPOINT WARNING * * *
The tentacled monstrosity constricts you.
* * * LOW HITPOINT WARNING * * *
The death drake bites you but does no damage.
The white draconian stormcaller hits you but does no damage.
The green draconian hits you from afar with a +0 trident!
You die...
Your body glows with a rainbow of weird colours and disappears.

,,,,,,,.......†)...D##°#'#**,,,,,
**,,,**...#.#.......#.)..,**,,,,,
*,,,**,,,,,#...☼☼.)#.)dk.#*,,,,,
*,,,****,>,#...☼##)#...X)#*,,8,,
***** *,,,##...##.##..8.q#,,,,,
***,*#...##§.#.....#d,,,,
*********##.#######).##...yd,,8,,
,,,,,,,,,...○○○kkq§)..##,,,,,,,,,
,,,,,,,,,...○○dX8kld...#*,,8,,>,,
,,,******##○#######...##**,,,,,,,
,,,* *,* #...# **,,,8,, ,,,* *,*
#...# **,,,,, ,,,* *,* ####...#
***+** ,,,* *,* #......# **,,,*
**** ****,* #......### *,,,,, *
*,,,,* #..).....# *8,8,8 *,,,,*
####.....# *,,,,,


You could see a tentacled monstrosity, a yellow draconian, a green draconian, a
white draconian stormcaller, 2 death drakes, a komodo dragon (summoned) and a
swamp drake (summoned, catching breath).

Vanquished Creatures
  2 ancient liches
  Mennas (Crypt:1)
  Boris (Depths:4)
  Bai Suzhen (Swamp:4)
  Frederick (Vaults:2)
  Saint Roka (Elf:2)
  Xtahua (Crypt:1)
  4 golden dragons
  2 bone dragons (Crypt:3)
  2 shard shrike zombies
  Jorgrun (D:13)
  An electric golem (Zot:1)
  5 tentacled monstrosities
  Zenata (Elf:2)
  A walking crystal tome (Depths:4)
  5 liches
  5 titans
  A walking frostbound tome (Depths:4)
  2 quicksilver dragons
  2 deep elf master archers (Elf:3)
  3 deep elf blademasters
  9 ancient champions
  A thorn hunter (Swamp:1)
  The ghost of kelmen2 the Severer, an adept MiBe of Trog (Swamp:4)
  8 shadow dragons
  5 tengu reavers
  4 storm dragons
  Frances (D:12)
  The ghost of auo the Warrior, an adept DjFE of Ashenzari (Swamp:4)
  A revenant (Crypt:2)
  Donald (Elf:2)
  The ghost of MrSquiggles the Transmogrifier, an adept DsGl of Okawaru (Swamp:4)
  9 fire giants
  A fenstrider witch (Swamp:4)
  13 vault wardens
  2 ghost moths
  A draconian scorcher (Zot:1)
  5 deep elf sorcerers
  3 emperor scorpions (Spider:4)
  2 iron dragons
  9 frost giants
  4 deep elf elementalists (Elf:3)
  10 stone giants
  18 ironbound preservers
  4 orc warlords
  2 curse skulls
  3 ghouls
  A caustic shrike skeleton (Crypt:3)
  5 war gargoyles
  2 green draconians (Zot:1)
  17 very ugly things
  4 ironbound thunderhulks
  7 deep elf demonologists
  2 purple draconians (Depths:4)
  3 eleionomae (Swamp:3)
  2 yellow draconians (Depths:4)
  4 vampire knights
  4 black draconians (Zot:1)
  12 deep elf annihilators
  11 dire elephants
  2 red draconians (Zot:1)
  Snorg (D:12)
  Azrael (D:13)
  2 white draconians (Zot:1)
  8 spark wasps
  An acid blob zombie (Crypt:3)
  2 eidola
  4 bunyips
  7 ettins
  2 entropy weavers (Vaults:2)
  11 crystal guardians (Depths:2)
  2 deep elf high priests
  7 great orbs of eyes
  7 deep elf death magi
  8 yaktaur captains
  9 ice dragons
  8 jiangshi
  2 spriggan zombies
  3 shambling mangroves
  33 vault guards
  6 fire dragons
  5 rakshasas
  8 ogre magi
  A quicksilver dragon skeleton (Crypt:3)
  3 ghost crabs
  8 hydras
  3 jorogumos (Spider:4)
  A fenstrider witch skeleton (Crypt:3)
  7 centaur warriors
  A peacekeeper (Vaults:4)
  4 spriggan skeletons (Crypt:3)
  11 ironbound frosthearts
  4 boulder beetles
  4 radroaches
  12 two-headed ogres
  2 death knights
  5 tengu warriors
  25 dancing weapons
  17 alligators
  7 deep troll shamans
  An azure jelly zombie (Crypt:2)
  6 death scarabs (Spider:4)
  7 deep troll earth magi
  7 vampire magi
  2 death yaks (Lair:5)
  4 orc high priests
  8 spriggan berserkers
  2 titan skeletons (Crypt:3)
  A spectral dire elephant (Lair:5)
  2 soul eaters (Crypt:2)
  Sonja (Lair:3)
  20 deep elf knights
  5 hell knights
  A spectral death yak (Lair:5)
  A skyshark (Lair:5)
  70 skeletal warriors
  Lodul (D:13)
  3 pharaoh ants
  A fire crab (shapeshifter) (Elf:1)
  A fire crab (Lair:3)
  14 iron trolls
  A shadow wraith (Crypt:2)
  3 goliath frogs
  5 orb spiders
  6 swamp dragons
  A spriggan rider (Depths:4)
  2 glowing orange brains
  47 deep trolls
  2 iron giant skeletons (Crypt:3)
  9 bog bodies
  3 flayed ghosts
  20 deep elf archers
  5 spriggan druids
  4 phantasmal warriors
  33 deep elf pyromancers
  3 steelbarb worms
  9 harpies
  20 ironbound convokers
  2 anaconda skeletons (Crypt:3)
  37 deep elf zephyrmancers
  A lindwurm (shapeshifter) (D:13)
  16 lindwurms
  21 orc knights
  43 ugly things
  7 wolf spider zombies (Spider:2)
  7 wizards
  11 necromancers
  23 wolf spiders
  A stone giant zombie (Depths:3)
  7 orc sorcerers
  2 fauns (shapeshifter)
  8 will-o-the-wisps
  3 manticores
  7 cyclopes
  6 moths of wrath
  4 black mambas
  10 elephants
  An apocalypse crab (Spider:2)
  A draconian skeleton (Crypt:3)
  17 vault sentinels
  2 dire elephant zombies
  A guardian serpent (shapeshifter) (D:14)
  4 demonic crawlers
  A gargoyle (D:13)
  7 cane toads
  3 spectral redbacks (Spider:4)
  11 komodo dragons
  2 unseen horrors
  A minotaur zombie (Crypt:1)
  4 torpor snails
  An orb spider zombie (Crypt:3)
  7 redback zombies (Spider:2)
  A yaktaur (shapeshifter) (D:14)
  5 rime drakes
  2 efreet
  A green draconian skeleton (Crypt:3)
  31 yaktaurs
  3 tengu conjurers
  6 freezing wraiths
  2 human skeletons (Vaults:5)
  A polar bear (shapeshifter) (D:15)
  A meliai (shapeshifter) (Elf:1)
  10 trolls
  A mana viper zombie (Crypt:2)
  4 bloated husks
  A death drake zombie (Crypt:2)
  5 meliai
  9 tyrant leeches
  17 hornets
  6 polar bears
  24 tarantellas
  4 tarantella zombies (Spider:2)
  10 blink frogs
  3 large abominations (Depths:1)
  A spectral jumping spider (Spider:4)
  6 culicivora zombies (Spider:2)
  2 harpy skeletons (Crypt:3)
  A hornet (shapeshifter) (Vaults:2)
  2 deep troll zombies (Depths:3)
  A frost giant simulacrum (Vaults:5)
  5 dream sheep
  2 hydra skeletons (Crypt:3)
  An ettin zombie (Vaults:5)
  A spectral tarantella (Spider:4)
  8 flying skulls (Crypt:3)
  10 jumping spiders
  7 slime creatures
  Sigmund (D:3)
  An ettin skeleton (Crypt:1)
  2 water elementals (Depths:1)
  11 culicivoras
  14 spriggans
  2 shadows (D:11)
  A slime creature (shapeshifter) (Vaults:5)
  2 vampires (D:11)
  11 wyverns
  Eustachio (D:6)
  A spriggan (shapeshifter) (Elf:3)
  5 air elementals
  6 wraiths
  2 chaos spawn (Depths:1)
  10 basilisks
  A wind drake zombie (Crypt:1)
  49 yaks
  5 fire elementals
  4 hogs (D:14)
  2 death yak simulacra (Lair:5)
  A steam dragon (D:7)
  2 elf zombies
  15 vampire mosquitoes
  3 spectral cane toads (Lair:5)
  47 redbacks
  2 swamp worm simulacra (Swamp:4)
  2 wargs
  3 human zombies
  15 hydra simulacra (Swamp:4)
  3 cane toad zombies
  9 swamp worms
  2 acid dragons
  2 nameless horrors (Vaults:4)
  5 hell hounds (D:13)
  3 water moccasins
  A water nymph skeleton (Crypt:2)
  42 orc warriors
  A deep troll skeleton (Crypt:2)
  2 swamp drakes (Swamp:2)
  2 ice beasts (D:7)
  5 small abominations (Depths:1)
  9 black bears
  A lindwurm zombie (Crypt:3)
  A hornet zombie (Depths:3)
  18 ogres
  An elephant zombie (Lair:5)
  A vampire mosquito zombie (D:15)
  2 phantoms
  11 centaurs
  An elephant skeleton (Crypt:3)
  A kobold brigand (D:9)
  A salamander zombie (Crypt:1)
  2 yaktaur zombies
  3 earth elementals
  A hell hound zombie (D:13)
  7 bullfrogs
  2 gnoll sergeants
  2 cane toad simulacra (Lair:5)
  3 scorpions
  A naga simulacrum (Crypt:1)
  A wyvern zombie (D:5)
  A komodo dragon skeleton (Crypt:3)
  7 wights
  A shapeshifter zombie (Crypt:3)
  A wyvern skeleton (Crypt:1)
  3 elephant simulacra (Lair:5)
  4 killer bees (D:8)
  4 electric eels
  A howler monkey (D:11)
  A lava snake (D:12)
  A bullfrog skeleton (Crypt:2)
  19 orc priests
  2 bullfrog zombies
  2 hounds
  Jessica (D:2)
  An iguana (D:5)
  A boggart zombie (Crypt:1)
  22 orc wizards
  4 hell rats (Lair:5)
  A scorpion zombie (D:5)
  5 polar bear simulacra (Lair:4)
  4 yak simulacra (Lair:4)
  A wolf simulacrum (Lair:4)
  An ice beast zombie (Crypt:2)
  An ogre skeleton (Crypt:1)
  17 gnolls
  6 adders
  2 shadow imps
  2 white imps
  An ufetubus (D:6)
  5 swamp drake simulacra (Swamp:4)
  A worm zombie (Crypt:3)
  5 worms
  4 dart slugs
  75 orcs
  6 endoplasms
  5 giant cockroaches
  16 goblins
  16 hobgoblins
  6 jackals
  10 kobolds
  A quokka (D:1)
  12 ball pythons
  5 bats
  6 frilled lizards
  2 hobgoblin skeletons
  8 rats
  A river rat simulacrum (Lair:4)
1962 creatures vanquished.

Vanquished Creatures (collateral kills)
  A golden dragon (Vaults:5)
  2 tentacled monstrosities (Vaults:5)
  A lich (Crypt:3)
  A quicksilver dragon (Vaults:3)
  A shadow dragon (Vaults:3)
  Roxanne (Spider:1)
  2 fire giants
  A draconian monk (Depths:4)
  3 emperor scorpions
  A frost giant (Depths:1)
  A deep elf sorcerer (Elf:3)
  An orc warlord (Vaults:3)
  A draconian stormcaller (Depths:4)
  A war gargoyle (Vaults:4)
  3 very ugly things (Vaults:1)
  A black draconian (Depths:4)
  2 stone giants
  2 red draconians
  A dire elephant (Vaults:3)
  A spark wasp (Spider:4)
  An ettin (Depths:4)
  2 fire dragons (Depths:1)
  3 entropy weavers
  5 vault guards (Vaults:5)
  An ice dragon (Depths:4)
  A great orb of eyes (Vaults:4)
  A jorogumo (Spider:4)
  A deep troll earth mage (D:13)
  3 hell knights
  5 skeletal warriors (Crypt:3)
  6 pharaoh ants
  A spectral anaconda (Lair:5)
  A deep troll (Depths:1)
  A ghost moth zombie (Spider:4)
  A spectral wolf spider (Spider:4)
  3 ironbound convokers
  A lindwurm (Vaults:4)
  A phantasmal warrior (Vaults:3)
  A necromancer (Depths:1)
  A wolf spider (Spider:1)
  6 steelbarb worms
  3 harpies
  A manticore (D:12)
  5 ugly things
  2 moths of wrath
  2 demonic crawlers
  A guardian serpent (D:15)
  4 cane toads
  2 redback zombies
  2 freezing wraiths
  A meliai (Spider:4)
  2 spectral tarantellas (Spider:4)
  A tarantella zombie (Spider:4)
  A spectral jumping spider (Spider:4)
  2 tarantellas
  8 slime creatures
  2 jumping spiders
  A flying skull (Crypt:3)
  A wraith (D:12)
  2 water elementals (Depths:1)
  A chaos spawn (Depths:1)
  A death yak simulacrum (Lair:5)
  A swamp worm simulacrum (Swamp:4)
  2 wargs
  3 vampire mosquitoes
  An acid dragon (D:13)
  2 redbacks
  A naga skeleton (Crypt:3)
  8 water moccasins
  An ogre (Vaults:5)
  2 small abominations (Depths:1)
  An orc (D:15)
141 creatures vanquished.

Vanquished Creatures (others)
  A draconian monk (Depths:4)
  A white draconian (Zot:1)
  An eleionoma (Swamp:1)
  A very ugly thing zombie (Vaults:5)
  A titan zombie (Vaults:5)
  3 emperor scorpion zombies (Spider:4)
  2 spark wasp zombies (Depths:2)
  A deep elf archer (Elf:1)
  5 ugly thing zombies
  2 wolf spider zombies
  2 jorogumo zombies (Spider:4)
  3 fire giant zombies
  An ugly thing (Vaults:5)
  A deep elf zephyrmancer (Elf:1)
  3 iron troll zombies (Depths:4)
  3 orb spider zombies (Spider:4)
  11 redback zombies
  3 freezing wraiths
  A demonic crawler zombie (Spider:4)
  A bloated husk (Swamp:1)
  A culicivora zombie (Spider:4)
  A tyrant leech (Swamp:4)
  A hornet (Swamp:1)
  A moth of wrath zombie (Spider:4)
  An ettin zombie (Vaults:5)
  6 tarantella zombies
  6 spriggan zombies
  4 jumping spider zombies
  An ice dragon zombie (Depths:3)
  12 deep troll zombies
  4 meliai zombies
  A radroach zombie (Spider:4)
  2 slime creature zombies (D:13)
  25 human zombies
  A tengu zombie (D:15)
  2 cane toad zombies
  A hornet zombie (Depths:4)
  28 elf zombies
  An elephant zombie (Lair:5)
  5 vampire mosquito zombies
  2 rime drake zombies (Lair:5)
  A necrophage (Swamp:1)
  4 hell hound zombies (D:13)
  3 wyvern zombies (Lair:5)
  A small abomination (Depths:1)
  2 polar bear zombies
  4 centaur zombies
  4 basilisk zombies
  3 ogre zombies
  2 hell rat zombies (Lair:5)
  6 orc zombies
  77 foxfires
  3 fulminant prisms
263 creatures vanquished.

Grand Total: 2366 creatures vanquished

Notes
Turn   | Place    | Note
-------+----------+-------------------------------------------
     0 | D:1      | zazaan the Djinni Conjurer began the quest for the Orb.
     0 | D:1      | zazaan set off with the following spells memorised: Magic
                  | Dart, Searing Ray, Dazzling Flash, Fulminant Prism,
                  | Iskenderun's Mystic Blast.
     0 | D:1      | Reached XP level 1. HP: 15/15 MP: 0/0
     9 | D:1      | Found a faded altar of an unknown god.
    95 | D:1      | Reached XP level 2. HP: 18/21 MP: 0/0
   272 | D:1      | Reached XP level 3. HP: 19/25 MP: 0/0
   272 | D:1      | Learned a level 1 spell: Foxfire
   956 | D:2      | Reached XP level 4. HP: 28/31 MP: 0/0
  1413 | D:2      | Reached XP level 5. HP: 32/35 MP: 0/0
  1413 | D:2      | Learned a level 2 spell: Lesser Beckoning
  1649 | D:2      | Noticed Jessica
  1651 | D:2      | Killed Jessica
  1652 | D:2      | Reached skill level 5 in Spellcasting
  1966 | D:3      | Noticed Sigmund
  2413 | D:3      | Killed Sigmund
  2414 | D:3      | Reached XP level 6. HP: 32/40 MP: 0/0
  2546 | D:3      | Identified the +4 spear of Compound Interest {flame, rN+}
  2688 | D:3      | Reached XP level 7. HP: 43/45 MP: 0/0
  2688 | D:3      | Learned a level 3 spell: Ignite Poison
  3103 | D:4      | Found an opulent altar of Gozag.
  3103 | D:4      | Found Gozag's Platinum Reserve.
  3727 | D:5      | Entered Level 5 of the Dungeon
  4092 | D:5      | Found a basalt altar of Yredelemnul.
  4125 | D:5      | Found a shadowy altar of Dithmenos.
  4133 | D:5      | Reached skill level 1 in Fighting
  4133 | D:5      | Reached XP level 8. HP: 40/54 MP: 0/0
  4243 | D:5      | Found an ornate altar of the Wu Jian Council.
  4326 | D:5      | Reached skill level 2 in Fighting
  4458 | D:6      | Noticed Eustachio
  4468 | D:6      | Killed Eustachio
  4469 | D:6      | Reached skill level 3 in Fighting
  4552 | D:6      | Found a staircase to the Ecumenical Temple.
  4566 | D:6      | Reached skill level 4 in Fighting
  4870 | D:6      | Found a blossoming altar of Fedhas.
  4870 | D:6      | Found a sacrificial altar of Ru.
  4870 | D:6      | Found a snail-covered altar of Cheibriados.
  4892 | D:6      | Reached skill level 5 in Fighting
  5030 | D:6      | Found a glowing drain.
  5041 | Sewer    | Entered a sewer
  5239 | D:6      | Found Husoax's Distillery.
  5320 | D:6      | Reached skill level 6 in Fighting
  5320 | D:6      | Reached XP level 9. HP: 29/66 MP: 0/0
  5320 | D:6      | Learned a level 4 spell: Olgreb's Toxic Radiance
  5503 | D:6      | Found Numpil's Antique Weapon Shoppe.
  5752 | D:6      | Found Jesak's Neck Hole.
  5813 | D:6      | Reached skill level 7 in Fighting
  5973 | D:6      | Found Suqaunt's Magic Scroll Shop.
  6228 | Temple   | Entered the Ecumenical Temple
  6460 | Temple   | Became a worshipper of Nemelex Xobeh the Trickster
  6702 | D:7      | Identified the +8 falchion of Tish {vamp, Str+2}
  6935 | D:7      | You are sucked into a shaft and drop 2 floors!
  6959 | D:9      | Identified the +0 ring mail "Xushe" {rElec rPois rF-}
  7395 | D:9      | Reached skill level 8 in Fighting
  7396 | D:9      | Reached skill level 5 in Dodging
  7396 | D:9      | Reached XP level 10. HP: 26/76 MP: 0/0
  7812 | D:9      | Reached * piety under Nemelex Xobeh
  8033 | D:9      | Received a gift from Nemelex Xobeh
  8040 | D:9      | Found a staircase to the Lair.
  8041 | D:9      | Noticed a komodo dragon
  8057 | D:9      | Killed a komodo dragon
  8058 | D:9      | Reached skill level 9 in Fighting
  8517 | D:8      | Found a stormy altar of Qazlal.
  8746 | D:8      | Reached XP level 11. HP: 76/84 MP: 0/0
  8746 | D:8      | Learned a level 4 spell: Animate Dead
  8859 | D:8      | Found a flagged portal.
  8875 | D:8      | Identified the +5 hand axe "Fuxaa" {heavy, Dex+3}
  8879 | Bailey   | Entered a bailey
  9036 | Bailey   | Reached skill level 10 in Fighting
  9232 | Bailey   | Noticed an orc warlord
  9239 | Bailey   | Killed an orc warlord
  9295 | Bailey   | Acquired a +6 ring of intelligence
  9351 | D:8      | Found a hazy altar of Hepliaklqana.
  9520 | D:10     | Entered Level 10 of the Dungeon
  9544 | D:10     | Reached ** piety under Nemelex Xobeh
  9620 | D:10     | Received a gift from Nemelex Xobeh
  9715 | D:10     | Found a staircase to the Orcish Mines.
  9784 | D:10     | Found a burning altar of Makhleb.
  9944 | D:10     | Found a broken altar of Ashenzari.
  9964 | D:10     | Noticed a two-headed ogre
  9969 | D:10     | Killed a two-headed ogre
 10157 | D:10     | Reached skill level 11 in Fighting
 10186 | D:10     | Reached XP level 12. HP: 86/94 MP: 0/0
 10233 | D:10     | Noticed a death knight
 10236 | D:10     | Noticed a tengu warrior
 10274 | D:10     | Noticed an ogre mage
 10275 | D:10     | Reached skill level 10 in Dodging
 10278 | D:10     | Killed an ogre mage
 10279 | D:10     | Reached skill level 10 in Spellcasting
 10299 | D:10     | Noticed a boulder beetle
 10302 | D:10     | Killed a boulder beetle
 10345 | D:10     | Killed a tengu warrior
 10356 | D:10     | Killed a death knight
 10878 | D:11     | Noticed a two-headed ogre
 10884 | D:11     | Killed a two-headed ogre
 10885 | D:11     | Reached skill level 12 in Fighting
 11252 | D:11     | Found a runed translucent door.
 11254 | D:11     | Noticed an ogre mage
 11256 | D:11     | Noticed a centaur warrior
 11258 | D:11     | Noticed an ogre mage
 11279 | D:11     | Killed an ogre mage
 11280 | D:11     | Reached XP level 13. HP: 65/102 MP: 0/0
 11280 | D:11     | Learned a level 5 spell: Metabolic Englaciation
 11285 | D:11     | Killed a centaur warrior
 11430 | D:11     | Killed an ogre mage
 11626 | D:11     | Reached skill level 13 in Fighting
 11907 | D:12     | Noticed Frances
 11907 | D:12     | Found Apni Be Uzi's Elemental Accessories.
 11913 | D:12     | Killed Frances
 12531 | D:11     | Reached skill level 5 in Armour
 12594 | Lair:1   | Entered Level 1 of the Lair of Beasts
 12633 | Orc:1    | Entered Level 1 of the Orcish Mines
 12769 | Orc:1    | Reached *** piety under Nemelex Xobeh
 12908 | Orc:2    | Entered Level 2 of the Orcish Mines
 12960 | Orc:2    | Received a gift from Nemelex Xobeh
 13226 | Orc:2    | Reached XP level 14. HP: 91/110 MP: 0/0
 13297 | Orc:2    | Found Lamer's Distillery.
 13348 | Orc:2    | Found Ehif's Antique Armour Shop.
 13366 | Orc:2    | Found Ysoilem's Magic Scroll Shop.
 13371 | Orc:2    | Found Retuin's Armour Emporium.
 13380 | Orc:2    | Bought the +1 pair of gloves of Follow the Leader {Will+}
                  | for 375 gold pieces
 13532 | Orc:2    | Found Goibeam's Book Shoppe.
 13541 | Orc:2    | Found a staircase to the Elven Halls.
 13908 | Orc:2    | Bought a tattered robe for 205 gold pieces
 13908 | Orc:2    | Identified the +2 robe of Spite {Dex+4 SInv} (You bought it
                  | in a shop on level 2 of the Orcish Mines)
 13916 | Orc:2    | Bought a scroll of enchant armour for 90 gold pieces
 13916 | Orc:2    | Bought a scroll of teleportation for 36 gold pieces
 13916 | Orc:2    | Bought 2 scrolls of identify for 48 gold pieces
 13916 | Orc:2    | Bought a scroll of identify for 24 gold pieces
 13916 | Orc:2    | Bought a scroll of teleportation for 36 gold pieces
 13972 | Orc:2    | Bought a +3 ring mail of willpower for 442 gold pieces
 14230 | Orc:1    | Reached skill level 10 in Armour
 14495 | Lair:1   | Reached skill level 1 in Invocations
 14661 | Lair:1   | Reached **** piety under Nemelex Xobeh
 15014 | Lair:1   | Received a gift from Nemelex Xobeh
 15913 | D:6      | Bought the amulet "Ommyrphach" {Regen+ Str+9 Dex-3} for 644
                  | gold pieces
 16098 | Lair:2   | Found a hole to the Spider Nest.
 16310 | Spider:1 | Entered Level 1 of the Spider Nest
 16385 | Lair:3   | Received a gift from Nemelex Xobeh
 16405 | Lair:3   | Noticed Sonja
 16410 | Lair:3   | Killed Sonja
 16547 | Lair:3   | Found a staircase to the Swamp.
 16599 | Lair:3   | Reached ***** piety under Nemelex Xobeh
 16694 | Lair:3   | Reached skill level 5 in Invocations
 16697 | Lair:3   | Reached skill level 5 in Stealth
 16804 | Lair:3   | Found the +2 cloak of the Thief {*Fog Slay-2 SInv Stlth+}
 16816 | Lair:3   | Identified the +0 robe "Amesm" {rF+ Dex+4 Stlth- Archmagi}
 16818 | Lair:3   | Identified the +0 dagger of Slow Death {freeze, rElec rF-
                  | rC+ Str+4}
 16824 | Lair:3   | Identified the +4 morningstar of Loschergh {pain, Stlth+}
 16826 | Lair:3   | Identified the staff of conjuration "Cabiegof" {rF- rCorr
                  | Int+3}
 16910 | Lair:3   | Reached XP level 15. HP: 116/116 MP: 0/0
 16910 | Lair:3   | Learned a level 6 spell: Statue Form
 17138 | Lair:3   | Reached skill level 14 in Fighting
 17138 | Lair:3   | Reached XP level 16. HP: 123/123 MP: 0/0
 17150 | Lair:4   | Identified the orb of Tink {mayhem, Str+3}
 17355 | Lair:4   | Reached XP level 17. HP: 124/129 MP: 0/0
 17355 | Lair:4   | Learned a level 7 spell: Orb of Destruction
 17859 | Lair:4   | Received a gift from Nemelex Xobeh
 18053 | Lair:4   | Acquired the staff of conjuration "Vuzowaism" {rElec rF+
                  | rC+}
 18066 | Lair:5   | Entered Level 5 of the Lair of Beasts
 18402 | Lair:5   | Found the +8 arc blade {discharge, rElec}
 18943 | Lair:5   | Found a viscous altar of Jiyva.
 18943 | Lair:5   | Found a staircase to the Slime Pits.
 18964 | Lair:5   | Received a gift from Nemelex Xobeh
 19524 | Lair:5   | Identified the ring "Ikarergh" {Fire *Slow rN+++ Int+5
                  | Dex+4}
 19920 | D:12     | Noticed Snorg
 19933 | D:12     | Killed Snorg
 20048 | D:12     | Received a gift from Nemelex Xobeh
 20631 | D:13     | Noticed Jorgrun
 20637 | D:13     | Killed Jorgrun
 20656 | D:13     | Noticed Azrael
 20738 | D:13     | Killed Azrael
 20756 | D:13     | Received a gift from Nemelex Xobeh
 20935 | D:13     | Reached skill level 15 in Fighting
 20935 | D:13     | Noticed Lodul
 20943 | D:13     | Killed Lodul
 21213 | D:13     | Found a gate to the Vaults.
 21303 | D:13     | Reached XP level 18. HP: 72/139 MP: 0/0
 21365 | D:13     | Received a gift from Nemelex Xobeh
 22059 | D:14     | Received a gift from Nemelex Xobeh
 22398 | D:14     | Found a huge runed translucent gate.
 22399 | D:14     | Found a huge runed translucent gate.
 22399 | D:14     | Found a huge runed translucent gate.
 22399 | D:14     | Found a huge runed translucent gate.
 23264 | D:14     | Reached skill level 1 in Shields
 23325 | D:15     | Entered Level 15 of the Dungeon
 23325 | D:15     | Received a gift from Nemelex Xobeh
 23384 | D:15     | Reached ****** piety under Nemelex Xobeh
 23793 | D:15     | Identified the +1 trident "Qona" {flame, Str+2}
 23885 | D:15     | Reached skill level 5 in Shields
 24079 | D:15     | Found a staircase to the Depths.
 24815 | Spider:1 | Received a gift from Nemelex Xobeh
 24975 | Spider:1 | Noticed Roxanne
 24990 | Spider:1 | Killed Roxanne
 25044 | Spider:1 | Received a gift from Nemelex Xobeh
 25681 | Spider:2 | Identified the +4 long sword "Biuxtum" {vamp, rPois rF-
                  | Will+ Int+3}
 26097 | Spider:2 | Reached skill level 10 in Shields
 26197 | Spider:2 | Reached XP level 19. HP: 145/145 MP: 0/0
 26197 | Spider:2 | Learned a level 7 spell: Monstrous Menagerie
 26899 | Spider:3 | Received a gift from Nemelex Xobeh
 27548 | Spider:2 | Received a gift from Nemelex Xobeh
 27652 | Spider:4 | Entered Level 4 of the Spider Nest
 27966 | Spider:4 | Received a gift from Nemelex Xobeh
 28328 | Spider:4 | Reached skill level 15 in Dodging
 28757 | Spider:4 | Reached XP level 20. HP: 142/151 MP: 0/0
 28819 | Spider:4 | Identified the +1 pair of boots of the Robin {Will- Str+4}
 28823 | Spider:4 | Got a gossamer rune of Zot
 29072 | Swamp:1  | Entered Level 1 of the Swamp
 29639 | Swamp:1  | Received a gift from Nemelex Xobeh
 30063 | Swamp:2  | Received a gift from Nemelex Xobeh
 30495 | Swamp:2  | Reached skill level 10 in Invocations
 30956 | Swamp:3  | Received a gift from Nemelex Xobeh
 31481 | Swamp:4  | Entered Level 4 of the Swamp
 31601 | Swamp:4  | Reached skill level 16 in Fighting
 31655 | Swamp:4  | Received a gift from Nemelex Xobeh
 31803 | Swamp:4  | Reached XP level 21. HP: 103/157 MP: 0/0
 31803 | Swamp:4  | Learned a level 7 spell: Enfeeble
 32046 | Swamp:4  | Found a runed translucent gate.
 32046 | Swamp:4  | Found a runed translucent gate.
 32046 | Swamp:4  | Found a runed translucent gate.
 32047 | Swamp:4  | Noticed MrSquiggles's ghost (adept DsGl)
 32049 | Swamp:4  | Noticed kelmen2's ghost (adept MiBe)
 32049 | Swamp:4  | Noticed auo's ghost (adept DjFE)
 32056 | Swamp:4  | Noticed Bai Suzhen
 32062 | Swamp:4  | Killed Bai Suzhen
 32428 | Swamp:4  | Killed auo's ghost
 32434 | Swamp:4  | Killed MrSquiggles's ghost
 32443 | Swamp:4  | Killed kelmen2's ghost
 32637 | Swamp:4  | Got a decaying rune of Zot
 32901 | Elf:1    | Entered Level 1 of the Elven Halls
 32910 | Elf:1    | Paralysed by an air elemental for 1 turns
 32951 | Elf:1    | Reached skill level 17 in Fighting
 33071 | Elf:1    | Found a flickering gateway to a bazaar.
 33079 | Elf:1    | Received a gift from Nemelex Xobeh
 33083 | Bazaar   | Entered a bazaar
 33097 | Bazaar   | Found Degouris's Magic Scroll Shoppe.
 33124 | Bazaar   | Found Rieh's Armour Shoppe.
 33149 | Bazaar   | Found Jes Vuri's Assorted Antiques.
 33149 | Bazaar   | Found Eschaicw's Antique Weapon Emporium.
 33155 | Bazaar   | Bought a potion of curing for 54 gold pieces
 33155 | Bazaar   | Bought a potion of curing for 54 gold pieces
 33227 | Elf:1    | Paralysed by an air elemental for 1 turns
 33319 | Elf:1    | Reached skill level 18 in Fighting
 34048 | Elf:2    | Noticed Donald
 34057 | Elf:2    | Killed Donald
 34128 | Elf:2    | Received a gift from Nemelex Xobeh
 34212 | Elf:2    | Noticed Zenata
 34219 | Elf:2    | Noticed Saint Roka
 34484 | Elf:2    | Killed Saint Roka
 34507 | Elf:2    | Reached skill level 19 in Fighting
 34704 | Elf:2    | Paralysed by an air elemental for 1 turns
 34706 | Elf:2    | Paralysed by an air elemental for 1 turns
 34811 | Elf:2    | Killed Zenata
 34876 | Elf:2    | Found a runed translucent gate.
 34876 | Elf:2    | Found a runed translucent gate.
 34876 | Elf:2    | Found a runed translucent gate.
 34893 | Elf:2    | Received a gift from Nemelex Xobeh
 35347 | Elf:2    | Reached XP level 22. HP: 171/174 MP: 0/0
 35625 | Elf:3    | Entered Level 3 of the Elven Halls
 35657 | Elf:3    | Reached skill level 20 in Fighting
 35718 | Elf:3    | Paralysed by an air elemental for 1 turns
 35720 | Elf:3    | Paralysed by an air elemental for 1 turns
 36351 | Elf:3    | Received a gift from Nemelex Xobeh
 36490 | Elf:3    | Reached skill level 15 in Spellcasting
 36775 | Elf:3    | Identified the +9 glaive "Goblinslayer" {drain, Fly Will-
                  | Str+5 SInv}
 36793 | Elf:3    | Identified the +5 whip "Ymmor" {elec, *Rage rC++ rN+ Int+4}
 36810 | Elf:3    | Identified the +6 flail of the Ferocious God {flame, rF-
                  | Str+5}
 36966 | Elf:3    | Identified the +8 scimitar of Painful Death {heavy, rElec
                  | rF+ rCorr}
 36966 | Elf:3    | Identified the +1 robe "Xexelenn" {Contam rF+ rCorr Int+3}
 36966 | Elf:3    | Identified the ring "Nisemuff" {rElec MP+9}
 37529 | Elf:3    | Identified the staff of fire "Macapas" {Fragile rElec rPois
                  | rF+ Dex+2}
 37561 | Elf:3    | Identified the +1 sling "Hulanipi" {elec, Str+2}
 37960 | Vaults:1 | Entered Level 1 of the Vaults
 38203 | Vaults:1 | Received a gift from Nemelex Xobeh
 38498 | Vaults:1 | Reached XP level 23. HP: 159/181 MP: 0/0
 38498 | Vaults:1 | Learned a level 8 spell: Summon Horrible Things
 38616 | Vaults:1 | Received a gift from Nemelex Xobeh
 39542 | Vaults:2 | Noticed Frederick
 39549 | Vaults:2 | Killed Frederick
 39592 | Vaults:2 | Received a gift from Nemelex Xobeh
 40179 | Vaults:2 | Received a gift from Nemelex Xobeh
 40661 | Vaults:2 | Found a staircase to the Crypt.
 40683 | Vaults:2 | Found a basalt altar of Yredelemnul.
 41068 | Vaults:3 | Received a gift from Nemelex Xobeh
 41327 | Vaults:3 | Identified the +2 cloak of the Gate {rElec rCorr}
 41407 | Vaults:3 | Received a gift from Nemelex Xobeh
 41416 | Vaults:3 | Identified the +4 morningstar of Qysuoggi {flame, rF- Str+4
                  | Int+3}
 41927 | Vaults:3 | Reached XP level 24. HP: 189/189 MP: 0/0
 42343 | Vaults:3 | Found Poonk's Armour Emporium.
 42433 | Vaults:3 | Received a gift from Nemelex Xobeh
 42468 | Vaults:4 | Found Zyass's Jewellery Shop.
 42585 | Vaults:4 | Reached skill level 15 in Invocations
 43389 | Vaults:4 | Found Iqatioz's Antique Weapon Shop.
 43402 | Vaults:4 | Found Nijyeqih's Jewellery Shoppe.
 43527 | Vaults:4 | Received a gift from Nemelex Xobeh
 43530 | Vaults:4 | Found Ifugoipo's Jewellery Shoppe.
 43938 | Crypt:1  | Entered Level 1 of the Crypt
 44986 | Crypt:2  | Noticed Mennas
 44997 | Crypt:2  | Identified the amulet "Laanibb" {Reflect Fragile Int+3
                  | SH+5}
 44998 | Crypt:2  | Noticed Xtahua
 45061 | Crypt:1  | Killed Mennas
 45451 | Crypt:2  | Paralysed by Xtahua for 4 turns
 45462 | Crypt:1  | Killed Xtahua
 45875 | Crypt:2  | Received a gift from Nemelex Xobeh
 46367 | Crypt:1  | Found a basalt altar of Yredelemnul.
 46410 | Crypt:3  | Entered Level 3 of the Crypt
 46729 | Crypt:3  | Reached XP level 25. HP: 164/194 MP: 0/0
 46729 | Crypt:3  | Learned a level 9 spell: Fire Storm
 47308 | Crypt:3  | Found a staircase to the Tomb.
 48034 | Crypt:3  | Received a gift from Nemelex Xobeh
 48189 | Crypt:3  | Found a basalt altar of Yredelemnul.
 48416 | Crypt:3  | Noticed an ancient lich
 48445 | Crypt:3  | Reached skill level 15 in Shields
 48446 | Crypt:3  | Killed an ancient lich
 48558 | Crypt:3  | Identified the amulet of Amela {Harm Regen+ Str+2 Int+5
                  | Stlth-}
 48558 | Crypt:3  | Identified the ring "Sugigg" {rN+ Will+ Int+2}
 48577 | Crypt:3  | Identified the staff of fire "Otwudu Neps" {rF+ rN+}
 48802 | Crypt:3  | Found the +16 obsidian axe {drain, demonic, Mesm Drain Fly
                  | SInv}
 48942 | Crypt:3  | Identified the +10 war axe of Equivalence {speed, Fly}
 49226 | Depths:1 | Entered Level 1 of the Depths
 49272 | Depths:1 | You are sucked into a shaft and drop 1 floor!
 49375 | Depths:2 | Identified the +2 leather armour of the Curious Ultimatums
                  | {Int+3}
 49378 | Depths:2 | Found a one-way gate to the infinite horrors of the Abyss.
 49442 | Depths:2 | Reached skill level 21 in Fighting
 49731 | Depths:2 | Identified the staff of poison "Gihudu" {rPois rF+ Str+3
                  | Int+5}
 49929 | Depths:2 | Found a gateway to Hell.
 49996 | Depths:2 | Received a gift from Nemelex Xobeh
 50066 | Depths:1 | Reached XP level 26. HP: 203/203 MP: 0/0
 50278 | Depths:1 | Received a gift from Nemelex Xobeh
 50294 | Depths:1 | Found Bogha's Book Shoppe.
 50295 | Depths:1 | Found Lise Qepp's Jewellery Shop.
 50296 | Depths:1 | Found Xatiph's Book Shoppe.
 50314 | Depths:1 | Bought a manual of Fighting for 1120 gold pieces
 50517 | Depths:1 | Identified the +1 ring mail of Sountauv {-Tele Int+5 Dex+2}
 50597 | Depths:1 | Found a one-way gateway to a ziggurat.
 50744 | Depths:1 | Found a blossoming altar of Fedhas.
 50929 | Depths:2 | Received a gift from Nemelex Xobeh
 51002 | Depths:2 | Found a one-way gate leading to the halls of Pandemonium.
 51756 | Depths:3 | Identified the +10 falchion "Impbane" {elec, rPois rC+ MP+9
                  | Dex-5}
 51846 | Depths:3 | Received a gift from Nemelex Xobeh
 51873 | Depths:3 | Found Plog's Armour Shop.
 51875 | Depths:3 | Found Eblyfu Geusi's Jewellery Boutique.
 51877 | Depths:3 | Found Feoz's General Store.
 51886 | Depths:3 | Bought 2 potions of haste for 220 gold pieces
 51886 | Depths:3 | Bought a scroll of enchant armour for 82 gold pieces
 51951 | Depths:1 | Bought the ring "Reseuptul" {rElec rN+ rCorr Slay+3} for
                  | 762 gold pieces
 52030 | Depths:4 | Entered Level 4 of the Depths
 52145 | Depths:4 | Reached skill level 22 in Fighting
 52257 | Depths:4 | Noticed Boris
 52388 | Depths:4 | Killed Boris
 52797 | Depths:4 | Noticed Safoazon's ghost (adept DsGl)
 52798 | Depths:4 | Found a runed translucent gate.
 52798 | Depths:4 | Found a runed translucent gate.
 52798 | Depths:4 | Found a runed translucent gate.
 52798 | Depths:4 | Identified the +10 sling of Disarray {speed, +Blink rF-
                  | Int-2 SInv}
 52903 | Depths:4 | Received a gift from Nemelex Xobeh
 53181 | Depths:4 | Found a gate to the Realm of Zot.
 53534 | Vaults:5 | Entered Level 5 of the Vaults
 53542 | Vaults:5 | Reached XP level 27. HP: 185/213 MP: 0/0
 53542 | Vaults:5 | Learned a level 9 spell: Polar Vortex
 53544 | Vaults:5 | Reached skill level 23 in Fighting
 53887 | Vaults:4 | HP: 7/278 [titan/the air (11)]
 54432 | Vaults:4 | HP: 1/282 [golden dragon/bolt of cold (34)]
 54727 | Vaults:5 | Noticed an ancient lich
 54883 | Vaults:5 | Reached skill level 24 in Fighting
 55157 | Vaults:4 | Killed an ancient lich
 55484 | Vaults:5 | Got a silver rune of Zot
 55641 | Vaults:5 | Acquired a manual of Shields
 55666 | Vaults:5 | Found Fub Dodo's Distillery.
 55676 | Vaults:5 | Bought a potion of heal wounds for 55 gold pieces
 56383 | Vaults:5 | Identified the +0 leather armour "Qepsih" {Str+3}
 56459 | Vaults:5 | Received a gift from Nemelex Xobeh
 56561 | Vaults:5 | Identified the +2 dagger of Chance {speed, Fly}
 56831 | Vaults:5 | Found Cummelan's Distillery.
 56838 | Vaults:5 | Bought a potion of curing for 36 gold pieces
 56838 | Vaults:5 | Bought a potion of ambrosia for 96 gold pieces
 56838 | Vaults:5 | Bought a potion of curing for 36 gold pieces
 56838 | Vaults:5 | Bought a potion of resistance for 120 gold pieces
 57514 | D:6      | Bought a potion of curing for 39 gold pieces
 57514 | D:6      | Bought a potion of cancellation for 104 gold pieces
 57514 | D:6      | Bought a potion of curing for 39 gold pieces
 57514 | D:6      | Bought a potion of brilliance for 52 gold pieces
 57514 | D:6      | Bought 2 potions of brilliance for 104 gold pieces
 57796 | Orc:2    | Bought 2 potions of haste for 240 gold pieces
 57796 | Orc:2    | Bought a potion of heal wounds for 60 gold pieces
 57796 | Orc:2    | Bought a potion of haste for 120 gold pieces
 57796 | Orc:2    | Bought a potion of curing for 36 gold pieces
 57796 | Orc:2    | Bought a potion of heal wounds for 60 gold pieces
 57796 | Orc:2    | Bought a potion of curing for 36 gold pieces
 59353 | Zot:1    | Entered Level 1 of the Realm of Zot
 59680 | Zot:1    | HP: 8/286 [white draconian stormcaller/blast of cold[a
                  | black draconian knight] (31)]
 59681 | Zot:1    | Slain by a green draconian

Illustrated notes

Levels and vault maps discovered:
D:1:      giann_horns, layout_loops_ring, shapermc_ecumenical_altar_rom_forum
D:2:      layout_basic, minmay_pentomino_q4, uniq_jessica
D:3:      layout_loops_ring, mainiacjoe_overflow_alcove_2, uniq_sigmund
D:4:      layout_loops_ring, nicolae_gozag_zags_fifth_avenue,
          minmay_crystal_water
D:5:      layout_rooms, lemuel_zombie_altar_yredelemnul,
          grunt_dithmenos_shadows, pdpol_wu_jian_five_deadly_venoms
D:6:      layout_basic, gammafunk_temple_overflow_forgotten,
          minmay_temple_entry_sparse_star, serial_shops, shop_statue,
          nicolae_square_shop, shop, cheibrodos_sewer_entry_drain,
          nicolae_shop_sticking_my_neck_out, uniq_eustachio
D:7:      layout_basic
D:8:      layout_rooms, lemuel_round_altar, grunt_qazlal_clouds, enter_bailey_2
D:9:      layout_gridville, david_lair_shrubbed, blue_anna_alchemist
D:10:     minmay_curly_fans, layout_basic, bloody_makhleb,
          nicolae_ashenzari_panopticon, erik_orc_3, special_room
          [special_room_orc]
D:11:     minmay_the_grid_triangle_9x9_recursive_2_mashed
          [minmay_the_grid_triangle_9x9_prize_center,
          minmay_the_grid_triangle_9x9_minimal,
          minmay_the_grid_triangle_9x9_alien,
          minmay_the_grid_triangle_9x9_subtriangle], layout_rooms
D:12:     layout_basic, portal_ice_cave_entry_pillars_1, nicolae_elemental_shop,
          uniq_snorg, uniq_frances
D:13:     minmay_glassy_protrusions, layout_cave_pods, erik_vaults_2,
          uniq_jorgrun, uniq_azrael, uniq_lodul
D:14:     lemuel_bear_cage, layout_basic, minivault_11
D:15:     grunt_enter_depths_snipers, layout_loops_ring,
          nicolae_kikubaaqudgha_miasma_corner
Temple:   dpeg_chambers_temple
Lair:1:   layout_chaotic_city, grunt_megastairs_5, infiniplex_staircase_pool_2
Lair:2:   layout_hall_layers, dummy_spider_entry
Lair:3:   layout_misc_corridors, minmay_swamp_entry_swarm, minmay_lindwurm_lava,
          uniq_sonja
Lair:4:   layout_small_grid, eino_house_with_fridge
Lair:5:   due_jungle_book, layout_misc_corridors, slime_entry_1,
          gauntlet_entry_generic, special_room [special_room_mythical_zoo],
          serial_bayou_shore_b
Swamp:1:  layout_basic_swamp, evilmike_swamp_ruin_house_4, swamp_pool2,
          st_shrine_of_shade
Swamp:2:  layout_basic_swamp, evilmike_swamp_ruin_rubble_2, st_swamp_ruins_1
Swamp:3:  layout_falls_marsh, evilmike_swamp_ruin_house_5, swamp_pool1
Swamp:4:  swamp_icy, layout_basic_swamp, gammafunk_ghost_cemetery,
          infiniplex_staircase_pool, uniq_bai_suzhen
Spider:1: layout_spider_delve, uniq_roxanne
Spider:2: lemuel_spider_zombies
Spider:3: layout_spider_delve, nicolae_spider_webs_and_nodes
Spider:4: floodkiller_spider_rune_tomb
Orc:1:    layout_diamond_mine
Orc:2:    st_orc_elflike, layout_caves, serial_shops, shop
Elf:1:    kennysheep_ambush_hall, layout_loops_ring, serial_shops,
          bzr_entry_islet, hangedman_elf_represent
Elf:2:    elven_hall_of_blades_hangedman_original [nicolae_blade_little_rooms],
          layout_loops_cross, minmay_elf_annihilation, uniq_donald,
          uniq_saint_roka, uniq_zenata
Elf:3:    elf_hall, layout_geoelf_castle, statue_in_the_mist_lemuel
Vaults:1: vaults_dpeg_cross, v_pattern_4, v_misc_17, v_misc_1,
          vaults_room_pools, v_misc_9, v_misc_18, hangedman_vaults_cutoff,
          nicolae_vaults_wine_cellar, ontoclasm_vaults_gateway,
          nicolae_vaults_quartermaster, layout_vaults_omnibox
Vaults:2: nicolae_vaults_steering_wheel, v_misc_24,
          nicolae_vaults_closet_pinwheel_1, minmay_crypt_entry_necro_gods,
          v_misc_5, nicolae_vaults_storage_room_statues,
          dpeg_vaults_monster_box, vaults_room_semicircle,
          layout_vaults_quadrants, uniq_frederick
Vaults:3: grunt_vaults_twisty, vaults_dpeg_ring, dpeg_vaults_waves, v_misc_8,
          v_misc_23, vaults_dpeg_spiral, ontoclasm_vaults_decontamination,
          v_rooms_2, nicolae_vaults_house_1, nicolae_vaults_heist,
          nicolae_vaults_diagonal_hallway_8, vaults_room_door_ring, v_rooms_3,
          layout_vaults_big_room, serial_shops,
          nicolae_shop_pleasant_corner_grove
Vaults:4: nicolae_vaults_tetromino_L_1, vaults_mumra_chevron,
          nicolae_vaults_little_squares_6, nicolae_vaults_double_plus_2,
          nicolae_vaults_turnstiles, nicolae_vaults_double_plus_1,
          nicolae_vaults_three_branches, hangedman_vaults_capsules,
          nicolae_vaults_closet_pinwheel_4, v_misc_14, layout_vaults_omnicross,
          serial_shops, shop, shop, shop, nicolae_shop_gaudy_bauble
Vaults:5
Crypt:1:  layout_rooms, lemuel_upstairs_altar
Crypt:2:  layout_chaotic_city, uniq_xtahua, uniq_mennas
Crypt:3:  church_of_pain_bobbens, layout_chaotic_city,
          tomb_entry_forgotten_bobbens, lemuel_statue_altar
Depths:1: layout_cave_pools, enter_ziggurat_a, minmay_room_of_horrors,
          grunt_decor_mini_mirrors, hell_entry, kennysheep_cross_room,
          fedhas_altar_4, minmay_shop_grove
Depths:2: minmay_crystal_thing, layout_cave_pools, hell_entry,
          hangedman_decor_peaks_small, abyss_entry, pan_entry,
          infiniplex_staircase_spiral
Depths:3: kennysheep_funnel, layout_small_grid, hangedman_abyss_entry_splay,
          lightli_too_deep, minmay_staircase_bubble, minmay_shop_star,
          nicolae_triple_integral
Depths:4: grunt_zot_entry_hairpin, layout_gridville, grunt_hell_entry_dis_mu,
          minmay_misc_feat_columns, gammafunk_ghost_split, minmay_misc_feat_chi,
          uniq_boris
Zot:1:    layout_misc_corridors, grunt_megastairs_3

Skill      XL: |  1  2  3  4  5  6  7  8  9 10 11 12 13 14 15 16 17 18 19 20 21 22 23 24 25 26 27 |
---------------+----------------------------------------------------------------------------------+-----
Spellcasting   | 4 6 7 8 9 10 11 13 14 16 17 18 20 21 | 21.6
Fighting       | 1 6 8 9 11 12 13 14 15 16 19 20 21 22 24 | 24.7
Dodging        | 5 7 9 11 12 15 | 15.6
Armour         | 7 10 13 | 13.3
Stealth        | 6 7 |  7.6
Invocations    | 5 12 14 16 | 16.0
Shields        | 10 12 15 17 | 17.0

Action                     |  1- 3 |  4- 6 |  7- 9 | 10-12 | 13-15 | 16-18 | 19-21 | 22-24 | 25-27 || total
---------------------------+-------+-------+-------+-------+-------+-------+-------+-------+-------++-------
  Melee: Unarmed           |       |     6 |       |       |       |       |       |       |       ||     6
         Spear             |       |       |     4 |       |       |       |       |       |       ||     4
         Staff             |       |       |       |       |       |     4 |     3 |     4 |     7 ||    18
   Cast: Magic Dart        |    68 |    49 |    58 |    29 |    26 |    18 |    11 |       |     1 ||   260
         Searing Ray       |     9 |    25 |    58 |    13 |    11 |    26 |    13 |     3 |     1 ||   159
         Iskenderun's Myst |       |       |    12 |    26 |    69 |   159 |   182 |   285 |   308 ||  1041
         Foxfire           |       |       |     1 |     1 |     4 |    24 |     1 |       |       ||    31
         Ignite Poison     |       |       |     7 |    90 |    90 |   164 |   158 |   152 |    74 ||   735
         Olgreb's Toxic Ra |       |       |     6 |   123 |   146 |   218 |   239 |   202 |   108 ||  1042
         Animate Dead      |       |       |       |       |    13 |    46 |    14 |     5 |     9 ||    87
         Metabolic Englaci |       |       |       |       |     1 |     8 |     5 |     1 |     1 ||    16
         Fulminant Prism   |       |       |       |       |     1 |       |       |     1 |     1 ||     3
         Statue Form       |       |       |       |       |     1 |    42 |    37 |    30 |    68 ||   178
         Orb of Destructio |       |       |       |       |       |     2 |   178 |   276 |   457 ||   913
         Monstrous Menager |       |       |       |       |       |       |     9 |    12 |    18 ||    39
         Enfeeble          |       |       |       |       |       |       |       |     1 |     9 ||    10
 Invoke: Draw Summoning    |       |       |       |       |     2 |     3 |     4 |     4 |     7 ||    20
         Draw Destruction  |       |       |       |       |     1 |    12 |    14 |       |     6 ||    33
         Draw Escape       |       |       |       |       |       |       |     2 |       |     2 ||     4
         Deal Four         |       |       |       |       |       |       |     1 |       |       ||     1
         Stack Five        |       |       |       |       |       |       |     1 |       |       ||     1
         Triple Draw       |       |       |       |       |       |       |       |     1 |       ||     1
  Evoke: Box of beasts     |       |       |       |       |       |       |       |     1 |       ||     1
    Use: Scroll            |     1 |     3 |     8 |     7 |    12 |    14 |     9 |     9 |    25 ||    88
         Potion            |       |     1 |       |       |     3 |     4 |     8 |    16 |    20 ||    52
   Stab: Invisible         |       |     1 |       |       |       |       |       |       |       ||     1
 Armour: Robe              |     1 |     3 |     8 |       |       |       |       |       |       ||    12
         Leather armour    |       |       |     4 |     4 |       |       |       |       |       ||     8
         Troll leather arm |       |       |       |     2 |     6 |       |       |       |       ||     8
         Ring mail         |       |       |       |       |     3 |    22 |    32 |       |       ||    57
         Skin              |       |       |       |       |       |   123 |   159 |    65 |   365 ||   712
         Ice dragon scales |       |       |       |       |       |       |     7 |    64 |    38 ||   109
  Dodge: Dodged            |     3 |    10 |    37 |     7 |    41 |   152 |   213 |   183 |   409 ||  1055
  Block: Buckler           |       |       |       |       |       |    37 |   131 |    72 |       ||   240
         Kite shield       |       |       |       |       |       |       |       |    81 |    79 ||   160
         Tower shield      |       |       |       |       |       |       |       |       |   536 ||   536
         Reflection        |       |       |       |       |       |       |       |       |    24 ||    24
